 Dungeon Crawl Stone Soup version 0.30-a0-141-g30f27751c5 (webtiles) character file.

Game seed: 2849660469244396406

158 SigmundSlayer the Conjurer (level 5, -4/28 HPs)
             Began as a Deep Elf Conjurer on Sept 25, 2022.
             Slain by a scorpion (5 damage)
             ... on level 4 of the Dungeon.
             The game lasted 00:03:31 (2605 turns).

SigmundSlayer the Conjurer (Deep Elf Conjurer)      Turns: 2605, Time: 00:03:32

Health: -4/28      AC:  2    Str:  1 (4)  XL:     5   Next: 16%
Magic:  3/14       EV: 12    Int: 23 (25) God:
Gold:   187        SH:  0    Dex: 11 (13) Spells: 7/14 levels left

rFire   . . .      SeeInvis .    (no weapon)
rCold   . . .      Faith    .    (no shield)
rNeg    + . .      Spirit   .    a - +0 robe
rPois   .          Reflect  .    (no helmet)
rElec   .          Harm     .    (no cloak)
rCorr   .          Rampage  .    (no gloves)
Will    +....                    (no boots)
Stlth   ++........               (no amulet)
HPRegen 0.09/turn                e - ring of positive energy
MPRegen 0.14/turn                i - ring of willpower

@: brilliant, lethally poisoned (-4 -> -11)
A: no striking features
a: no special abilities


You were on level 4 of the Dungeon.
You visited 1 branch of the dungeon, and saw 4 of its levels.

You collected 187 gold pieces.

Inventory:

Armour
 a - a +0 robe (worn)
Jewellery
 e - a ring of positive energy (left hand)
 i - a ring of willpower (right hand)
Scrolls
 d - a scroll of blinking {unknown}
 f - 3 scrolls of noise {unknown}
 g - a scroll of enchant armour {unknown}
 h - a scroll of enchant weapon {unknown}
 o - 2 scrolls of identify {unknown}
Potions
 b - a potion of magic
 k - a potion of lignification {unknown}
 l - 2 potions of ambrosia {unknown}
 m - 2 potions of flight {unknown}
 n - a potion of curing {unknown}
 p - a potion of might {unknown}


   Skills:
 - Level 2.4 Dodging
 - Level 2.4 Stealth
 - Level 5.0 Spellcasting
 + Level 5.9 Conjurations
 + Level 1.6 Translocations


You had 7 spell levels left.
You knew the following spells:

 Your Spells              Type           Power      Damage    Failure   Level
a - Magic Dart            Conj           100%       1d8       1%          1
b - Searing Ray           Conj           98%        2d8       1%          2
c - Iskenderun's Mystic   Conj/Tloc      34%        2d8       21%         4

Your spell library contained the following spells:

 Spells                   Type           Power      Damage    Failure   Level
 Dazzling Flash           Conj/Hex       58%        N/A       9%          3
 Ozocubu's Armour         Ice            8%         N/A       28%         3
 Fulminant Prism          Conj/Hex       14%        3d9       28%         4
 Ozocubu's Refrigeration  Ice            4%         4d8       100%        7


Dungeon Overview and Level Annotations

Branches:
Dungeon (4/15)
 Temple: D:4-7

Altars:
Fedhas
Makhleb
Qazlal
Sif Muna
Wu Jian

Shops:
D:1 *[?


Message History

Confirm with . or Enter, or press ? or * to list all spells.
Restarting spell: Searing Ray (safe; 1% risk of failure)
Press: ? - help, Shift-Dir - straight line, f - adder
Aim: an adder (almost dead, 68% to hit)
The searing ray hits the adder!
You kill the adder! (Press . to maintain the ray.)
The scorpion misses you. The scorpion attacks as you move away!
The scorpion barely misses you.
Casting: Searing Ray (safe; 1% risk of failure)
Confirm with . or Enter, or press ? or * to list all spells.
Aiming: Searing Ray (safe; 1% risk of failure)
Press: ? - help, Shift-Dir - straight line, f - scorpion
Aim: a scorpion (81% to hit)
The searing ray hits the scorpion.
The scorpion is moderately wounded.
The searing ray hits the ball python!
You kill the ball python! (Press . to maintain the ray.)
The scorpion stings you.
The searing ray hits the scorpion.
The scorpion is heavily wounded.
The scorpion stings you. x2
You are lethally poisoned!
The scorpion poisons you!
The searing ray hits the scorpion.
The scorpion is severely wounded.
You feel very sick. The scorpion stings you.
* * * LOW HITPOINT WARNING * * *
It was a potion of degeneration.
There was something very wrong with that liquid.
You feel weakened.
You feel dopey.
You feel clumsy.
* * * LOW HITPOINT WARNING * * *
You feel sick. The scorpion barely misses you.
It was a potion of brilliance.
You feel clever all of a sudden.
* * * LOW HITPOINT WARNING * * *
You feel sick. The scorpion stings you.
You die...

....................>
....=................
...........=.........
.....................
.....................
.....................
.....................
##.####.#####†#######
# #.# #@# #.####.#
#s# #....#.# #.#
########.#.# #..
...........# #...
.#####...### #....
#.......# #.....
#.###.#.# #......
#.#.....# #.......


You could see a scorpion.

Vanquished Creatures
  Natasha (D:3)
  An orc wizard (D:3)
  3 adders
  A worm (D:2)
  A dart slug (D:2)
  4 orcs (D:3)
  2 endoplasms
  3 giant cockroaches
  7 goblins
  7 hobgoblins
  8 jackals
  5 quokkas
  10 ball pythons
  7 bats
  2 frilled lizards
  2 kobolds (D:3)
  4 rats (D:1)
68 creatures vanquished.

Notes
Turn   | Place    | Note
-------+----------+-------------------------------------------
     0 | D:1      | SigmundSlayer the Deep Elf Conjurer began the quest for the
                  | Orb.
     0 | D:1      | Reached XP level 1. HP: 10/10 MP: 6/6
    65 | D:1      | Found Sofix's Magic Scroll Shop.
   159 | D:1      | Reached XP level 2. HP: 15/15 MP: 7/9
   162 | D:1      | Learned a level 2 spell: Searing Ray
   391 | D:1      | Found Duteuw's Antique Armour Boutique.
   408 | D:1      | Found a faded altar of an unknown god.
   680 | D:1      | Reached XP level 3. HP: 19/19 MP: 7/11
   721 | D:1      | Found Ahyummoipt's General Store.
   810 | D:2      | Reached skill level 5 in Spellcasting
  1248 | D:2      | Reached skill level 5 in Conjurations
  1490 | D:3      | Reached XP level 4. HP: 24/24 MP: 7/13
  1618 | D:3      | Learned a level 4 spell: Iskenderun's Mystic Blast
  2068 | D:3      | Found an ornate altar of the Wu Jian Council.
  2068 | D:3      | Found a burning altar of Makhleb.
  2070 | D:3      | Found a stormy altar of Qazlal.
  2070 | D:3      | Found a blossoming altar of Fedhas.
  2278 | D:3      | Found a shimmering blue altar of Sif Muna.
  2370 | D:3      | Noticed Natasha
  2375 | D:3      | Killed Natasha
  2376 | D:3      | Reached skill level 1 in Translocations
  2376 | D:3      | Reached XP level 5. HP: 23/28 MP: 7/14
  2605 | D:4      | HP: 1/28 [poisoned by a scorpion]
  2605 | D:4      | Slain by a scorpion

Illustrated notes

Levels and vault maps discovered:
D:1:      reono_arrival_mine, layout_rooms, serial_shops, shop, shop,
          nicolae_diamond_shop, shapermc_ecumenical_altar_notcrosses,
          chequers_serial_rivers_micro_d
D:2:      layout_basic
D:3:      layout_basic, mainiacjoe_overflow_alcove_3,
          mainiacjoe_overflow_alcove_1, serial_aquarium,
          aquarium_bridge_island_small [aquarium_subvault_small_open,
          aquarium_subvault_window, aquarium_subvault_bridge,
          aquarium_subvault_balcony, aquarium_subvault_bridge],
          aquarium_bridge_square [aquarium_subvault_bridge,
          aquarium_subvault_window, aquarium_subvault_wall,
          aquarium_subvault_wall], aquarium_window_1, aquarium_window_fake,
          aquarium_window_1, aquarium_view_2b, aquarium_view_2e,
          aquarium_balcony_double_3, aquarium_pool_five, uniq_natasha
D:4:      layout_basic, jmf_multi_god_temple,
          minmay_temple_entry_enclosed_plants

Skill      XL: |  1  2  3  4 |
---------------+-------------+-----
Spellcasting   | 4 5 |  5.0
Conjurations   | 5 |  5.9
Translocations | 1 |  1.6
Dodging        | |  2.4
Stealth        | |  2.4

Action                   |  1- 3 |  4- 6 || total
-------------------------+-------+-------++-------
 Cast: Magic Dart        |    78 |    22 ||   100
       Searing Ray       |     4 |     5 ||     9
  Use: Scroll            |     1 |     1 ||     2
       Potion            |       |     2 ||     2
Armor: Robe              |     2 |       ||     2
Dodge: Dodged            |     4 |     7 ||    11

Table legend: (Time is in decaauts)
 A = Elapsed time spent in this place.
 B = Non-inter-level travel time spent in this place.
 C = Inter-level travel time spent in this place.
 D = Time resting spent in this place.
 E = Time spent auto-exploring this place.
 F = Levels seen in this place.
 G = Mean time per level.
                   A        B        C        D        E       F      G
               +--------+--------+--------+--------+--------+-----+--------+
         Total |   2603 |   2523 |     80 |    106 |   2138 |   4 |  650.8 |
       Dungeon |   2603 |   2523 |     80 |    106 |   2138 |   4 |  650.8 |
               +--------+--------+--------+--------+--------+-----+--------+

Top non-repeatable levels by time:
     D:3: 1119 daAuts
     D:1: 800 daAuts
     D:2: 630 daAuts
     D:4: 52 daAuts
